[Event "Late-Titled-Tuesday-Blitz-October-24-2023"]
[Site "Chess.com"]
[Date "2023.10.24"]
[Round "7"]
[White "midedu"]
[Black "Eloist"]
[Result "0-1"]
[WhiteElo "2079"]
[BlackElo "2440"]
[TimeControl "180+1"]
[EndTime "15:14:48 PDT"]
[Termination "Eloist won by checkmate"]

1. e4 e6 2. d3 d5 3. Nd2 Nf6 4.
Ngf3 c5 5. c3 Nc6 6. Be2 Bd6 7.
O-O O-O 8. Re1 Qc7 9. Nf1 b5 10.
Bg5 Ng4 11. exd5 exd5 12. d4 c4 13. h3 f6 14. Bc1 Nh6 15. Bxh6 gxh6 16. Ne3 Ne7 17. Qc2 f5 18. Nh4 f4 19. Ng4 Kg7 20. Bf3 Nf5 21. Bxd5 Nxh4 22. Bxa8 Bxg4 23. hxg4 Rxa8 24.
Qe4 Rf8 25. a4 f3 26. g3 Ng2 27. axb5 Nxe1 28. Rxe1 Rf7 29. Qc6 Bxg3 30. Qxc7 Bxc7 31. Re6 Bf4 32. Rc6 Re7 33. Kf1 Bd2 34. Kg1 Re1+ 35.
Kh2 Bf4+ 36. Kh3 Rh1# 0-1

[Event "Late-Titled-Tuesday-Blitz-October-24-2023"]
[Site "Chess.com"]
[Date "2023.10.24"]
[Round "7"]
[White "vladislavkovalev"]
[Black "Jospem"]
[Result "0-1"]
[WhiteElo "2872"]
[BlackElo "3080"]
[TimeControl "180+1"]
[EndTime "15:14:49 PDT"]
[Termination "Jospem won on time"]

1. e4 c5 2. Nf3 d6 3. Bb5+ Nd7 4. O-O a6 5. Bd3 e6 6. c3 Ngf6 7. Bc2 b5 8. d4 Qc7 9. Re1 Bb7 10. d5 e5 11. c4 b4 12. Nbd2 g6 13. Nf1 Bg7 14. a3 O-O 15. h3 a5 16. Ba4 Nb6 17. Bb5 Nh5 18. N3h2 Nf4 19. h4 Nh5 20. Ng4 Bc8 21. Nfh2 Kh8 22. Ne3 Rb8 23. axb4 axb4 24. Qf3 Nd7 25.
Bd2 Ndf6 26. b3 Ng8 27. Ra2 Nh6 28. Rea1 f5 29. Ra7 Rb7 30. Rxb7 Qxb7 31. exf5 Nxf5 32. Nxf5 Bxf5 33. Bc6 Qc7 34. g4 e4 35. Qd1 Qe7 36. gxf5 Qxh4 37. Ra8 Rxa8 38. Bxa8 gxf5 39. Nf1 f4 0-1

[Event "Late-Titled-Tuesday-Blitz-October-24-2023"]
[Site "Chess.com"]
[Date "2023.10.24"]
[Round "7"]
[White "Malev212"]
[Black "Zhbugnoimt"]
[Result "1-0"]
[WhiteElo "2651"]
[BlackElo "2539"]
[TimeControl "180+1"]
[EndTime "15:14:56 PDT"]
[Termination "Malev212 won by resignation"]

1. Nf3 Nf6 2. g3 d5 3. Bg2 g6 4. O-O Bg7 5. d4 O-O 6. c4 c6 7. cxd5 cxd5 8. Nc3 Nc6 9. Ne5 Bf5 10. Nxc6 bxc6 11. Bf4 Nh5 12. Be3 e5 13. dxe5 Bxe5 14. Bd4 Re8 15. e3 Nf6 16. Rc1 Qd7 17. b3 Bh3 18. Na4 Rac8 19. Nc5 Qf5 20. Bxe5 Rxe5 21. Qd4 Qh5 22. Nd3 c5 23. Qxe5 1-0

[Event "Late-Titled-Tuesday-Blitz-October-24-2023"]
[Site "Chess.com"]
[Date "2023.10.24"]
[Round "7"]
[White "IlanSchnaider"]
[Black "Apocalyps999"]
[Result "0-1"]
[WhiteElo "2746"]
[BlackElo "2359"]
[TimeControl "180+1"]
[EndTime "15:14:58 PDT"]
[Termination "Apocalyps999 won by resignation"]

1. d4 Nf6 2. c4 e6 3. g3 d5 4.
Nf3 Be7 5. Bg2 O-O 6. O-O dxc4 7. Qc2 b5 8. a4 b4 9. Nfd2 c6 10. Nxc4 Qxd4 11. Rd1 Qc5 12. Be3 Qh5 13. Bf3 Ng4 14. h4 Bxh4 15. Qe4 e5 16. Bxg4 Bxg4 17. Nxe5 Bxe2 18.
Re1 Bf6 19. Bf4 Bxe5 20. Bxe5 Bf3 21. Qh4 Qxh4 22. gxh4 Nd7 23. Bd6 Rfe8 24. Nd2 Bd5 25. Bxb4 Ne5 26. Bc3 Ng6 27. h5 Nf4 28. h6 gxh6 29. Kh2 f5 30. Rg1+ Ng6 31. Rae1 Kf7 32. Nf1 Rxe1 33. Bxe1 Nh4 34. Nd2 Re8 35. Kh3 Ng6 36.
Kh2 Nf4 37. b4 Nd3 38. f4 Rxe1 39. Rg3 Re2+ 40. Kg1 Rxd2 41. b5 Nxf4 42. bxc6 Bxc6 43. a5 Ne2+ 44. Kf1 Nxg3+ 45. Ke1 Re2+ 46. Kd1 f4 47. a6 f3 0-1

[Event "Late-Titled-Tuesday-Blitz-October-24-2023"]
[Site "Chess.com"]
[Date "2023.10.24"]
[Round "7"]
[White "ATM622"]
[Black "SanchezKelvin"]
[Result "0-1"]
[WhiteElo "2412"]
[BlackElo "2564"]
[TimeControl "180+1"]
[EndTime "15:14:58 PDT"]
[Termination "SanchezKelvin won by resignation"]

1. d4 Nf6 2. c4 c5 3. d5 e6 4. Nc3 exd5 5. cxd5 Bd6 6. g3 O-O 7. Bg2 Re8 8. Nf3 Bc7 9. d6 Ba5 10. O-O Bxc3 11. bxc3 Nc6 12. Nd2 b6 13. e4 Ba6 14.
Re1 Re6 15. e5 Nxe5 16. Bxa8 Qxa8 17. f4 Nd3 18. Rxe6 fxe6 19. Qf3 Qb8 20. Ba3 c4 21. g4 Bb7 22. Qg3 Qc8 23. h3 Qc6 24. Qh2 Nxf4 25.
Re1 g5 26. Nf1 Qf3 27. Ng3 Qxc3 28. Bb4 Qxb4 29. Re5 h6 30. h4 Nxg4 31. Qd2 Qxd2 0-1

[Event "Late-Titled-Tuesday-Blitz-October-24-2023"]
[Site "Chess.com"]
[Date "2023.10.24"]
[Round "7"]
[White "MatthewG-p4p"]
[Black "Hasangatin_Ramil"]
[Result "0-1"]
[WhiteElo "2913"]
[BlackElo "2721"]
[TimeControl "180+1"]
[EndTime "15:15:00 PDT"]
[Termination "Hasangatin_Ramil won by resignation"]

1. e4 d5 2. exd5 Qxd5 3. Nc3 Qd6 4. d4 Nf6 5. Nf3 c6 6. Ne5 Nbd7 7. Nc4 Qc7 8. a4 a5 9. Qf3 Nb6 10. Bf4 Qd8 11.
O-O-O Nbd5 12. Nxd5 Nxd5 13. Be5 Be6 14. Kb1 Qd7 15.
Re1 b5 16. Na3 bxa4 17. Bc4 Ra7 18. Bg3 Rb7 19. h3 h5 20. Ka1 h4 21. Be5 Rh6 22.
Re2 Qd8 23. Ba2 Qb6 24. Nc4 Qb5 25. Nd6+ exd6 26. c4 Qb4 27. cxd5 dxe5 28. dxe6 fxe6 29. Qxc6+ Kf7 30. Rc1 Kg8 31. Bxe6+ Kh8 32. Ba2 Rxc6 33. Rxc6 a3 34. bxa3 Qxd4+ 0-1

[Event "Late-Titled-Tuesday-Blitz-October-24-2023"]
[Site "Chess.com"]
[Date "2023.10.24"]
[Round "7"]
[White "FabianoCaruana"]
[Black "jcibarra"]
[Result "1-0"]
[WhiteElo "3093"]
[BlackElo "2914"]
[TimeControl "180+1"]
[EndTime "15:15:03 PDT"]
[Termination "FabianoCaruana won by resignation"]

1. e4 c5 2. Nf3 Nc6 3. Bb5 e6 4.
O-O Nd4 5. Nxd4 cxd4 6. c3 a6 7. Bd3 Bc5 8. b4 Ba7 9. a4 Ne7 10. Na3 O-O 11. Nc2 d5 12. Ba3 Re8 13. b5 Ng6 14. Nxd4 Ne5 15. Bc2 dxe4 16. Bxe4 Bxd4 17. cxd4 Qxd4 18. Qc2 f5 19. Bb2 Qxe4 20. Qxe4 fxe4 21. Bxe5 Bd7 22. b6 Bc6 23. Rfc1 Rac8 24. Bc7 Bd5 25. Rc3 Rf8 26. Rac1 h6 27. h4 Kh7 28. a5 Rf5 29. g4 Rf3 30. Rxf3 exf3 31. Kh2 Kg6 32. h5+ Kf7 33. Kg3 g6 34. Kf4 gxh5 35. gxh5 Ke8 36.
Rg1 Kf7 37. Rg6 Rg8 38. Rxh6 Rg2 39. Ke3 Rh2 40. Bxh2 1-0

[Event "Late-Titled-Tuesday-Blitz-October-24-2023"]
[Site "Chess.com"]
[Date "2023.10.24"]
[Round "7"]
[White "DvaHrasta"]
[Black "Aygehovit1992"]
[Result "1-0"]
[WhiteElo "2505"]
[BlackElo "2634"]
[TimeControl "180+1"]
[EndTime "15:15:03 PDT"]
[Termination "DvaHrasta won on time"]

1. c4 e5 2. g3 Nf6 3. Bg2 Nc6 4. Nf3 Bc5 5. O-O d6 6. e3 O-O 7. d4 Bb6 8. h3 Bf5 9. Nc3 h6 10. a3 a5 11. b3 exd4 12. exd4 Ne4 13. Nd5 Ba7 14.
Ra2 Re8 15. Re2 Qd7 16. g4 Bh7 17. Rfe1 f5 18. Bb2 fxg4 19. hxg4 Rac8 20. Nh4 Qxg4 21.
f3 Qxh4 22. fxe4 Ne5 23. Ne3 Ng4 24. Nxg4 Qxg4 25. Qd2 Re7 26. Qxa5 Bb6 27. Qd5+ Kh8 28. c5 dxc5 29. dxc5 Rd7 30. Qe5 Ba7 31. Re3 Qg5 32. Qxg5 hxg5 33. b4 b6 34. Bh3 Rcd8 35. Bxd7 Rxd7 36.
c6 Rd2 37. Bc3 Rd6 38. b5 Re6 39. e5 Bf5 40. a4 g6 41. Rd1 1-0

[Event "Late-Titled-Tuesday-Blitz-October-24-2023"]
[Site "Chess.com"]
[Date "2023.10.24"]
[Round "7"]
[White "aghasiyevkamal"]
[Black "ShahxaibKhan"]
[Result "1-0"]
[WhiteElo "2595"]
[BlackElo "2428"]
[TimeControl "180+1"]
[EndTime "15:15:03 PDT"]
[Termination "aghasiyevkamal won on time"]

1. c4 e5 2. Nc3 Nc6 3. Nf3 f5 4.
d4 e4 5. Ne5 Nxe5 6. dxe5 Bb4 7.
Qb3 Qe7 8. a3 Bxc3+ 9. Qxc3 Nh6 10. Bxh6 gxh6 11. g3 O-O 12. Bg2 Re8 13. f4 exf3 14.
exf3 Qxe5+ 15. Qxe5 Rxe5+ 16. Kf2 d6 17. f4 Rc5 18. Rhe1 Kf8 19. Bd5 Bd7 20. b4 Rxd5 21. cxd5 c6 22. Rad1 c5 23. bxc5 dxc5 24. d6 Re8 25.
Rxe8+ Kxe8 26. Re1+ Kd8 27. Re7 b5 28. Ke3 a5 29.
Kd3 Bc6 30. Rc7 Be4+ 31. Kc3 b4+ 32. Kc4 bxa3 33. Rxc5 a4 34. Ra5 Bc2 35. Kc3 Bb3 36. Ra7 h5 37. Rxh7 a2 38. Kb2 a3+ 39. Ka1 1-0

[Event "Late-Titled-Tuesday-Blitz-October-24-2023"]
[Site "Chess.com"]
[Date "2023.10.24"]
[Round "7"]
[White "esskeettit"]
[Black "falzehope0"]
[Result "0-1"]
[WhiteElo "2466"]
[BlackElo "2320"]
[TimeControl "180+1"]
[EndTime "15:15:04 PDT"]
[Termination "falzehope0 won by resignation"]

1. d4 e6 2. c4 d5 3. cxd5 exd5 4. Nc3 f5 5. g3 Nf6 6. Bg2 c6 7. Nh3 Be7 8. Nf4 O-O 9. h4 Ne4 10. Be3 Bd6 11. h5 Qe7 12. Qd3 Re8 13. Bxe4 fxe4 14.
Qd2 Na6 15. h6 g6 16. a3 Nc7 17. O-O-O b5 18. Kb1 b4 19. axb4 Bxb4 20. Nh3 a5 21. Qc2 Bd7 22. Na4 Rab8 23. Bf4 Rb7 24. Bg5 Qf8 25.
Nf4 Bd6 26. Ka1 Rb4 27. Rh4 Nb5 28. e3 Rc4 29. Qb3 Rb8 30. Rdh1 Nc3 31. Qxc3 Rxc3 32. Nxc3 Qc8 33. Nxg6 Qb7 34. Ne7+ Kf7 35. Nd1 Bxe7 36.
Rf4+ Ke8 37. Rh5 Qb3 38. Bxe7 Qxd1+ 0-1

[Event "Late-Titled-Tuesday-Blitz-October-24-2023"]
[Site "Chess.com"]
[Date "2023.10.24"]
[Round "7"]
[White "Kirill_Klukin"]
[Black "Casper"]
[Result "1-0"]
[WhiteElo "2631"]
[BlackElo "2457"]
[TimeControl "180+1"]
[EndTime "15:15:08 PDT"]
[Termination "Kirill_Klukin won on time"]

1. d4 Nf6 2. Nf3 g6 3. e3 Bg7 4. Be2 O-O 5. O-O c5 6. dxc5 Qa5 7. a3 Qxc5 8. b4 Qh5 9. Bb2 d6 10. c4 Nc6 11. Nc3 Qh6 12. Rc1 Ne5 13. Nxe5 dxe5 14. Nd5 Nxd5 15. Qxd5 Qg5 16. f4 Qf5 17. e4 Qe6 18. Bxe5 Bxe5 19. fxe5 Qb6+ 20. c5 Qc7 21. Rcd1 Be6 22. Qd4 a5 23. b5 Rac8 24. Rc1 Rfd8 25. Qc3 a4 26. h3 Bb3 27. Bg4 e6 28. Kh1 Qd7 29. c6 bxc6 30. bxc6 Qd4 31. c7 Rd7 32. Qxd4 Rxd4 33. Rc5 Rc4 34. Rc1 Rxc1+ 35. Rxc1 Kf8 36.
Be2 1-0

[Event "Late-Titled-Tuesday-Blitz-October-24-2023"]
[Site "Chess.com"]
[Date "2023.10.24"]
[Round "7"]
[White "GiorgianBarbosa"]
[Black "hellokostya"]
[Result "0-1"]
[WhiteElo "2431"]
[BlackElo "2604"]
[TimeControl "180+1"]
[EndTime "15:15:08 PDT"]
[Termination "hellokostya won on time"]

1. e4 c5 2. Nf3 Nc6 3. d4 cxd4 4. Nxd4 Nf6 5. Nc3 e5 6. Ndb5 d6 7. Bg5 a6 8. Na3 b5 9. Nab1 Be7 10. Bxf6 Bxf6 11.
Nd5 O-O 12. a4 b4 13. Bc4 Be6 14. O-O Bg5 15. Qd3 a5 16. c3 Rb8 17. b3 bxc3 18.
Nbxc3 Nd4 19. Nb5 Nc6 20. g3 Kh8 21. Ndc3 Be7 22. Bxe6 fxe6 23. Qc4 Qd7 24. Rad1 Rbc8 25. Qe2 Nd4 26. Nxd4 Rxc3 27. Nb5 Rxb3 28. Qc2 Rb4 29. Rc1 d5 30. exd5 exd5 31. Rfd1 Rxb5 0-1

[Event "Late-Titled-Tuesday-Blitz-October-24-2023"]
[Site "Chess.com"]
[Date "2023.10.24"]
[Round "7"]
[White "protectiago"]
[Black "aranibos"]
[Result "0-1"]
[WhiteElo "2055"]
[BlackElo "2267"]
[TimeControl "180+1"]
[EndTime "15:15:08 PDT"]
[Termination "aranibos won on time"]

1. d4 Nf6 2. c4 c5 3. d5 b5 4. cxb5 a6 5. bxa6 g6 6. g3 Bxa6 7.
Bg2 d6 8. Nf3 Bg7 9. O-O O-O 10.
Nc3 Nbd7 11. Qc2 Qb6 12. h3 Rfb8 13. Rd1 Ne8 14. Rb1 Ne5 15. Bg5 h6 16. Bf4 Nxf3+ 17. Bxf3 Nc7 18. Qe4 Re8 19. h4 Bb7 20. h5 e5 21. hxg6 exf4 22. gxf7+ Kxf7 23. Qxf4+ Kg8 24.
Ne4 Rf8 25. Qxd6 Qxd6 26. Nxd6 Ba6 27. b3 Rad8 28. Nc4 Nb5 29. Rd2 Nd4 30. Be4 Bb7 31.
e3 Nb5 32. Kg2 Nc3 33. Bd3 Bxd5+ 34. f3 Nxb1 35. Bxb1 Bxc4 36. Rxd8 Rxd8 37. bxc4 Rd2+ 38. Kh3 Rb2 39. Be4 Rxa2 40. Bd5+ Kf8 41. e4 Bd4 42. f4 Kg7 43. e5 Ra3 44. Kg4 Bf2 45. Kf5 Bxg3 46. e6 Bh4 47. Ke5 Be7 48. f5 Ra1 49. Be4 Rd1 0-1

[Event "Late-Titled-Tuesday-Blitz-October-24-2023"]
[Site "Chess.com"]
[Date "2023.10.24"]
[Round "7"]
[White "karinachess1"]
[Black "Haykoooo0o"]
[Result "1-0"]
[WhiteElo "2628"]
[BlackElo "2446"]
[TimeControl "180+1"]
[EndTime "15:15:11 PDT"]
[Termination "karinachess1 won on time"]

1. d4 d5 2. c4 c6 3. Nf3 Nf6 4. g3 Bf5 5. Qb3 Qb6 6. Nc3 e6 7. c5 Qxb3 8. axb3 Na6 9. Bf4 Nb4 10. Ra4 Nc2+ 11. Kd2 Ne4+ 12. Kxc2 Nxg3+ 13. Kd2 Nxh1 14. Be3 a6 15. Bg2 Nxf2 16. Bxf2 h6 17. Bg3 Be7 18. b4 O-O 19. Ra1 f6 20. e3 Kh8 21. Ke2 Rae8 22.
Rf1 Bg4 23. Kd2 Bd8 24. e4 Bxf3 25. Rxf3 f5 26. exf5 exf5 27. Be5 Kh7 28. Bh3 f4 29. Ne2 g5 30. Bd7 1-0

[Event "Late-Titled-Tuesday-Blitz-October-24-2023"]
[Site "Chess.com"]
[Date "2023.10.24"]
[Round "7"]
[White "rdarruda"]
[Black "stasOR4ik"]
[Result "1-0"]
[WhiteElo "2543"]
[BlackElo "2398"]
[TimeControl "180+1"]
[EndTime "15:15:11 PDT"]
[Termination "rdarruda won by checkmate"]

1. d4 d5 2. Nf3 Nf6 3. c4 c6 4. e3 e6 5. Nc3 Nbd7 6. Bd3 Bd6 7.
O-O O-O 8. e4 dxe4 9. Nxe4 Nxe4 10. Bxe4 e5 11. dxe5 Nxe5 12. Nxe5 Bxe5 13. Bxh7+ Kxh7 14.
Qh5+ Kg8 15. Qxe5 Re8 16. Qg3 Qd4 17. Bf4 Qxc4 18. b3 Qd4 19. Rad1 Qf6 20. Rfe1 Bf5 21. Be5 Qg6 22. Qc3 Re6 23. Bg3 Rae8 24. Rxe6 Bxe6 25.
h3 Bd5 26. Qd4 a6 27. Kh2 Re2 28. Rd2 Re1 29. Rd1 Re2 30. Rd2 Re1 31. f3 Re8 32.
Qb6 Qg5 33. Rd4 Re2 34. Rg4 Qf6 35. Rf4 Qe7 36. Qd4 Rxa2 37. Bh4 f6 38. Rg4 Qe5+ 39. Qxe5 fxe5 40. Bf6 Bxf3 41. Rxg7+ Kf8 42. Bxe5 Bd5 43. h4 Bxb3 44. h5 Ra5 45. Rg5 Bg8 46. Bg7+ Kf7 47. Rxa5 Kxg7 48. g4 Bc4 49. Kg3 Bb5 50. Kh4 c5 51. g5 c4 52. Ra3 Bc6 53. Re3 b5 54.
g6 b4 55. Kg5 c3 56. h6+ Kf8 57. h7 c2 58. h8=Q# 1-0

[Event "Late-Titled-Tuesday-Blitz-October-24-2023"]
[Site "Chess.com"]
[Date "2023.10.24"]
[Round "7"]
[White "LiemLe"]
[Black "Cayse"]
[Result "1-0"]
[WhiteElo "2979"]
[BlackElo "2886"]
[TimeControl "180+1"]
[EndTime "15:15:12 PDT"]
[Termination "LiemLe won on time"]

1. Nf3 Nf6 2. c4 e6 3. Nc3 d5 4. e3 Be7 5. b3 O-O 6. Bb2 b6 7.
cxd5 Nxd5 8. Qc2 Bb7 9. a3 c5 10. h4 Nd7 11. Ng5 g6 12. Bd3 Bxg5 13. hxg5 Qxg5 14. Ne4 Qe7 15. O-O-O f5 16. Nc3 N7f6 17. f3 Nb4 18. axb4 cxb4 19. Nb5 Rac8 20. Bc4 Ba6 21. Nd4 Rf7 22. Bxa6 Rxc2+ 23. Nxc2 Qd6 24. Rh4 Nd5 25. Rd4 Rc7 26. e4 fxe4 27. fxe4 b5 28. Bxb5 Qb6 29. Bc4 Nf4 30. Kb1 Rxc4 31. Rxc4 Nd3 32. Rc8+ Kf7 33.
Rf1+ Ke7 34. Bf6+ Kd7 35. Rd8+ 1-0

[Event "Late-Titled-Tuesday-Blitz-October-24-2023"]
[Site "Chess.com"]
[Date "2023.10.24"]
[Round "7"]
[White "wild3000"]
[Black "Sanyura"]
[Result "0-1"]
[WhiteElo "2404"]
[BlackElo "2615"]
[TimeControl "180+1"]
[EndTime "15:15:13 PDT"]
[Termination "Sanyura won on time"]

1. e4 c5 2. Nf3 e6 3. g3 Nc6 4. Bg2 d5 5. exd5 exd5 6. O-O Bg4 7.
h3 Bh5 8. Re1+ Be7 9. g4 Bg6 10. d4 Nf6 11. Nc3 O-O 12. Be3 Ne4 13. dxc5 Nxc3 14. bxc3 Be4 15. Rb1 Qa5 16. Bd4 Bxc5 17. Rxb7 Bxd4 18. Nxd4 Qxc3 19. Nb5 Qc5 20. Bxe4 dxe4 21.
Rxe4 Rad8 22. Qf3 a6 23. Rc7 Qxb5 24. Rf4 Ne5 25. Qe4 Rd1+ 26. Kh2 Ng6 27. Rf5 Qb8 0-1

[Event "Late-Titled-Tuesday-Blitz-October-24-2023"]
[Site "Chess.com"]
[Date "2023.10.24"]
[Round "7"]
[White "TimGrutter03"]
[Black "tylityli"]
[Result "1-0"]
[WhiteElo "2536"]
[BlackElo "2314"]
[TimeControl "180+1"]
[EndTime "15:15:13 PDT"]
[Termination "TimGrutter03 won on time"]

1. a3 e5 2. e4 Nf6 3. Nc3 d5 4. exd5 Nxd5 5. Nf3 Nxc3 6. bxc3 Bd6 7. d4 e4 8. Ng5 Bf5 9. Bc4 O-O 10. O-O Bg6 11. Be3 h6 12. Nh3 Qh4 13. Qd2 Nc6 14. Nf4 Bf5 15.
Rab1 Rab8 16. g3 Qd8 17. Rfe1 Kh7 18. Bd5 Bxa3 19. Bxc6 bxc6 20. Ra1 Qe7 21. c4 Bb4 22. c3 Bd6 23. Rxa7 Ra8 24. Rea1 Rxa7 25. Rxa7 g5 26. Ne2 c5 27. dxc5 Bxc5 28. Bxc5 Qxc5 29. Qd4 Qd6 30. c5 Qc6 31. Qe5 Qe6 32. Qxc7 Kg6 33. Nd4 Qf6 34. Rb7 1-0

[Event "Late-Titled-Tuesday-Blitz-October-24-2023"]
[Site "Chess.com"]
[Date "2023.10.24"]
[Round "7"]
[White "MaxLeto"]
[Black "Lennis93"]
[Result "0-1"]
[WhiteElo "2568"]
[BlackElo "2769"]
[TimeControl "180+1"]
[EndTime "15:15:15 PDT"]
[Termination "Lennis93 won by checkmate"]

1. e4 c5 2. Nf3 Nc6 3. d4 cxd4 4. Nxd4 Nf6 5. Nc3 e5 6. Ndb5 d6 7. Bg5 a6 8. Na3 b5 9. Nd5 Be7 10. Bxf6 Bxf6 11. c4 b4 12. Nc2 O-O 13. g3 Bg5 14. Bg2 a5 15. b3 Ne7 16. O-O Nxd5 17. Qxd5 Be6 18. Qd3 Qb6 19. Rad1 Rfd8 20. Kh1 a4 21. f4 Bf6 22. Ne3 axb3 23. axb3 Ra2 24. f5 Bc8 25. Nd5 Qc5 26. Rd2 Ra3 27. Nxf6+ gxf6 28. Rfd1 Bb7 29. Qf3 Kf8 30. Rd3 Ke7 31. Qh5 Ra2 32. Bf3 Qf2 33. Qxh7 Re2 34. Qh4 Re1+ 35. Rxe1 Qxe1+ 36. Kg2 Ra8 37. Rd1 Ra2+ 38. Kh3 Qf2 39. Kg4 Qe3 40. Qh8 Bxe4 41.
Rf1 Qg5+ 42. Kh3 Bxf5+ 43. g4 Be6 44. Qb8 Qh6+ 45. Kg3 Qxh2# 0-1

[Event "Late-Titled-Tuesday-Blitz-October-24-2023"]
[Site "Chess.com"]
[Date "2023.10.24"]
[Round "7"]
[White "Alphafischer2019"]
[Black "DefiantChair"]
[Result "0-1"]
[WhiteElo "2601"]
[BlackElo "2681"]
[TimeControl "180+1"]
[EndTime "15:15:15 PDT"]
[Termination "DefiantChair won by resignation"]

1. e4 c5 2. Nf3 d6 3. g3 Nc6 4. Bg2 g6 5. O-O Bg7 6. c3 e5 7. d3 Nge7 8. h4 O-O 9. h5 Bg4 10. h6 Bh8 11. Bg5 f6 12. Qb3+ Rf7 13. Be3 Na5 14.
Qa4 Bd7 15. Qc2 Nac6 16. Na3 f5 17. Ng5 Bf6 18. Nxf7 Kxf7 19. f4 exf4 20. Bxf4 Be6 21. Nc4 Ne5 22. Ne3 Qd7 23. d4 cxd4 24. cxd4 Rc8 25.
Qd2 Nc4 26. Nxc4 Bxc4 27. Rf2 fxe4 28. Bg5 Nf5 29. Bxf6 e3 30. Rxf5 exd2 31. Rf2 Qg4 32.
Bg5+ Kg8 33. Bxd2 Qxg3 34. Re1 Bd5 35. Bf4 Qg4 36. Ref1 Bxg2 37. Rxg2 Qd7 38. Bg5 Rf8 39.
Rxf8+ Kxf8 40. Rf2+ Kg8 41. Bf6 Qg4+ 42. Kf1 Qh3+ 43.
Ke1 Qxh6 44. Re2 Qc1+ 45. Kf2 Qf4+ 46. Ke1 Qxf6 47. Re4 d5 48. Rf4 Qxf4 0-1

[Event "Late-Titled-Tuesday-Blitz-October-24-2023"]
[Site "Chess.com"]
[Date "2023.10.24"]
[Round "7"]
[White "Maluco_do_Natal_00"]
[Black "talaicito"]
[Result "0-1"]
[WhiteElo "2027"]
[BlackElo "2232"]
[TimeControl "180+1"]
[EndTime "15:15:15 PDT"]
[Termination "talaicito won on time"]

1. e4 b6 2. d4 Bb7 3. Bd3 g6 4. Nf3 Bg7 5. c4 e6 6. Nc3 Ne7 7. O-O h6 8. Re1 d6 9. Be3 Nd7 10. Qd2 a6 11. a3 g5 12. Qe2 Ng6 13. g3 g4 14. Nd2 h5 15. Rad1 Qe7 16. f4 gxf3 17.
Nxf3 h4 18. d5 e5 19. Rf1 hxg3 20. hxg3 O-O-O 21. Kg2 Bh6 22. Rh1 Bxe3 23. Qxe3 Rhg8 24. Kf2 Nf6 25. Ke2 Kb8 26. Rdg1 Bc8 27. Kd2 Ng4 28.
Qe2 Rdf8 29. Nh4 Nxh4 30. Rxh4 Qg5+ 31. Kc2 Ne3+ 32. Kb3 f5 33. exf5 Nxf5 34. Bxf5 Bxf5 35. Rh2 Bg4 36. Qd2 Rf3 37. Qxg5 Rxg5 38. Rh8+ Kb7 39.
Rh4 Bf5 40. Kb4 a5+ 41. Kb3 Rgxg3 42. Rxg3 Rxg3 0-1

[Event "Late-Titled-Tuesday-Blitz-October-24-2023"]
[Site "Chess.com"]
[Date "2023.10.24"]
[Round "7"]
[White "Meri-Arabidze"]
[Black "Gogolev_Artemy"]
[Result "1-0"]
[WhiteElo "2625"]
[BlackElo "2422"]
[TimeControl "180+1"]
[EndTime "15:15:16 PDT"]
[Termination "Meri-Arabidze won on time"]

1. Nf3 Nf6 2. b3 g6 3. Bb2 Bg7 4. g3 O-O 5. Bg2 d5 6. O-O c5 7. c4 Nc6 8. cxd5 Nxd5 9. Bxg7 Kxg7 10. Qc1 Qd6 11. Nc3 Nxc3 12. Qxc3+ f6 13. Rac1 b6 14. d4 Nxd4 15. Nxd4 cxd4 16. Qc7 Rb8 17. Qxd6 exd6 18. Rfd1 Ba6 19. Bf3 d3 20. exd3 Rbc8 21. Bc6 Rfd8 22. b4 Rc7 23. b5 Bc8 24. Re1 d5 25. d4 Bd7 26. Re7+ Kh6 27. Rce1 a6 28. a4 a5 29. h4 f5 30. Kh2 Rxc6 31. bxc6 Bxc6 32. R1e6 Rd7 33. Rxd7 Bxd7 34. Rxb6 Bxa4 35. Ra6 Bb3 36.
Rxa5 Kh5 37. Ra7 h6 38. Rh7 Bc2 39. f3 f4 40. Rd7 fxg3+ 41. Kxg3 Bb3 42. f4 Bc4 43.
Re7 Bd3 44. Re5+ 1-0

[Event "Late-Titled-Tuesday-Blitz-October-24-2023"]
[Site "Chess.com"]
[Date "2023.10.24"]
[Round "7"]
[White "Atanejhad"]
[Black "MajorCoast"]
[Result "1-0"]
[WhiteElo "2391"]
[BlackElo "2257"]
[TimeControl "180+1"]
[EndTime "15:15:20 PDT"]
[Termination "Atanejhad won on time"]

1. d4 Nf6 2. c4 e6 3. Nf3 d5 4. Nc3 Ne4 5. Qc2 Nxc3 6. Qxc3 a5 7.
a3 Bb4 8. axb4 axb4 9. Rxa8 bxc3 10. Rxb8 cxb2 11. Bxb2 O-O 12. Ba3 Re8 13. e3 c5 14.
Ra8 cxd4 15. Nxd4 e5 16. Nb5 d4 17. Nd6 dxe3 18. fxe3 Qe7 19. Nxc8 Qh4+ 20. Kd1 h6 21.
Nb6 Rxa8 22. Nxa8 Qe4 23. Kd2 Qb1 24. Bc1 Qa2+ 25. Ke1 Qxa8 26. Bd3 Qa5+ 27. Ke2 Qc3 28. Bd2 Qb3 29. Rb1 Qa3 30. Rxb7 g6 31. e4 Qa6 32. Rd7 f5 33. exf5 e4 34. Bxe4 Qxc4+ 35. Bd3 Qg4+ 36. Kf2 gxf5 37. Rd5 f4 38. Bc4 Qh4+ 39. Kf3 Kf8 40. Bxf4 Ke7 41. Re5+ Kd8 42. Bd5 Kc8 43. Be4 1-0

[Event "Late-Titled-Tuesday-Blitz-October-24-2023"]
[Site "Chess.com"]
[Date "2023.10.24"]
[Round "7"]
[White "HansOnTwitch"]
[Black "baag"]
[Result "1-0"]
[WhiteElo "3037"]
[BlackElo "2859"]
[TimeControl "180+1"]
[EndTime "15:15:21 PDT"]
[Termination "HansOnTwitch won on time"]

1. e4 c6 2. Nf3 d5 3. d3 dxe4 4. dxe4 Qxd1+ 5. Kxd1 Nf6 6. Nfd2 g5 7. f3 h5 8. Nc4 g4 9. a4 Be6 10. Be3 Nbd7 11.
Nbd2 gxf3 12. gxf3 Bh6 13. Bxh6 Rxh6 14. Rg1 O-O-O 15.
Ke2 Rhh8 16. Ke3 Rhg8 17. Be2 Kc7 18. h4 Rxg1 19. Rxg1 b5 20. axb5 cxb5 21. Na5 Kb6 22. Rg5 a6 23. b4 Rc8 24. c4 bxc4 25. Naxc4+ Ka7 26. Ra5 Nb8 27. b5 Kb7 28. bxa6+ Nxa6 29. Nd6+ exd6 30. Bxa6+ Kb6 31. Bxc8 Kxa5 32. Bxe6 fxe6 33. Nc4+ Kb5 34. Nxd6+ Kc6 35. Nf7 Kd7 36. Kf4 Ke7 37. Ne5 Nh7 38. Nc6+ Kf6 39. e5+ Kf7 40. Nd4 Ke7 41.
Ne2 Kf7 42. Ng3 Kg6 43. Ne4 Nf8 44. Ng5 Kg7 45. Ke4 Ng6 46. Nxe6+ Kf7 47. Nf4 Nxh4 48.
Nxh5 Kg6 49. Nf4+ Kg5 50. Ne6+ Kg6 51. Nd4 Kf7 52. f4 Ng6 53. f5 Ne7 54. Nf3 Nc6 55. Ng5+ Kg7 56. Kd5 Nd8 57. Ne6+ 1-0

[Event "Late-Titled-Tuesday-Blitz-October-24-2023"]
[Site "Chess.com"]
[Date "2023.10.24"]
[Round "7"]
[White "whitemirrorninja"]
[Black "GMG"]
[Result "1-0"]
[WhiteElo "2588"]
[BlackElo "2754"]
[TimeControl "180+1"]
[EndTime "15:15:21 PDT"]
[Termination "whitemirrorninja won on time"]

1. e4 c6 2. Nc3 d5 3. Nf3 a6 4. g3 Bg4 5. Bg2 Nf6 6. exd5 cxd5 7. d4 e6 8. O-O Nc6 9. Ne2 Qb6 10. c3 Bd6 11. Qb3 Qc7 12. Bf4 Ne4 13. Bxd6 Nxd6 14. Nf4 O-O 15. h3 Bxf3 16. Bxf3 b5 17. a4 b4 18. Rac1 Na5 19. Qxb4 Rab8 20. Qc5 Qd8 21. Rc2 Ndc4 22. b4 Rc8 23. Qa7 Ra8 24. Qc5 Nb7 25. Qc6 Ncd6 26. c4 dxc4 27. a5 Qf6 28. Kg2 g5 29.
Ne2 Rfc8 30. Qb6 Rcb8 31. Rfc1 Kg7 32. b5 axb5 33. a6 1-0

[Event "Late-Titled-Tuesday-Blitz-October-24-2023"]
[Site "Chess.com"]
[Date "2023.10.24"]
[Round "7"]
[White "dennisodessa"]
[Black "SergioMoralesG"]
[Result "1-0"]
[WhiteElo "2552"]
[BlackElo "2403"]
[TimeControl "180+1"]
[EndTime "15:15:21 PDT"]
[Termination "dennisodessa won by resignation"]

1. d4 d5 2. c4 c6 3. Nf3 Nf6 4. e3 Bf5 5. Nc3 e6 6. Nh4 Bg6 7. Qb3 Qc7 8. Bd2 Be7 9. Rc1 a6 10.
h3 O-O 11. Nxg6 hxg6 12. cxd5 exd5 13. Nxd5 Nxd5 14. Qxd5 Qb6 15. Qb3 Qxb3 16. axb3 Nd7 17. Be2 Nf6 18. O-O Rfe8 19. Bf3 Bd6 20. Rc4 Ne4 21. Ba5 Re7 22. Rfc1 Rae8 23. Bb4 Bxb4 24. Rxb4 Nd2 25. Be2 Rd8 26. Bd3 f5 27. Rc2 Ne4 28.
Bxe4 fxe4 29. Rc5 Kf7 30. Rbc4 Rd6 31. Rg5 Kf6 32. h4 Kf7 33. Rcc5 Rf6 34. Rce5 Rd7 35. Rxe4 Kg8 36. Ree5 Rdf7 37. f4 Rd7 38. Kf2 Kh7 39. Kf3 Rc7 40. g4 b5 41. Rc5 a5 42. d5 Rd6 43. dxc6 Rdxc6 44. Rxc6 Rxc6 45. Rxb5 1-0